 Dungeon Crawl Stone Soup version 0.32-a0-350-g4f4d228785 (webtiles) character file.

Game seed: 12297549712689855588

10670 AlmostDecent the Cleaver (level 11, -2/130 HPs)
             Began as a Demonspawn Berserker on Feb 17, 2024.
             Was a High Priest of Trog.
             Slain by a gnoll
             ... wielding a +0 spear
              (3 damage)
             ... on level 10 of the Dungeon.
             The game lasted 00:24:20 (8058 turns).

AlmostDecent the Cleaver (Demonspawn Berserker)     Turns: 8058, Time: 00:24:20

Health: -2/130     AC:  7    Str: 22    XL:     11   Next: 39%
Magic:  11/11      EV:  9    Int:  8    God:    Trog [*****.]
Gold:   655        SH:  0    Dex: 17    Spells: 10/10 levels left

rFire   + . .        c - +9 hand axe of Tieror {freeze, *Rage rPois rN+++ Dex+5}
rCold   + . .        (no shield)
rNeg    + + +        l - +1 chain mail {rF+}
rPois   +            (helmet restricted)
rElec   .            A - +0 cloak
rCorr   .            D - +1 pair of gloves
SInv    +            q - +1 pair of boots
Will    .....        m - amulet of regeneration Stlth
                     B - ring of see invisible
HPRegen 6.21/turn    d - ring of protection from cold
MPRegen 0.12/turn

%: random rage (20%)
@: berserking (expiring), corroded, very quick
A: claws 1, horns 2, foul stench 2, powered by death 1, weakness stinger 2
a: Renounce Religion, Berserk, Trog's Hand, Brothers in Arms


You were on level 10 of the Dungeon.
You worshipped Trog.
Trog was extremely pleased with you.
You visited 1 branch of the dungeon, and saw 10 of its levels.
You also visited: Bailey.

You collected 655 gold pieces.

Inventory:

Hand Weapons
 c - the +9 hand axe of Tieror (weapon) {freeze, *Rage rPois rN+++ Dex+5}
   (You found it on level 6 of the Dungeon)

   Dex+5:     It affects your dexterity (+5).
   rPois:     It protects you from poison rN+++: It renders you almost immune to
   negative energy.
   *Rage:     It berserks you when you make melee attacks (+20% chance).
 u - a +0 war axe
 y - the +8 sling of Haxuraz {flame, rElec rPois}
   (You found it on level 5 of the Dungeon)

   rElec:     It insulates you from electricity.
   rPois:     It protects you from poison
Missiles
 t - a throwing net (quivered)
Armour
 l - a +1 chain mail of fire resistance (worn)
 q - a +1 pair of boots (worn)
 A - a +0 cloak (worn)
 D - a +1 pair of gloves (worn)
Jewellery
 d - a ring of protection from cold (right hand)
 m - an amulet of regeneration (around neck)
 B - a ring of see invisible (left hand)
 E - a +6 ring of dexterity
Talismans
 C - a dragon-blood talisman
Wands
 h - a wand of roots (5)
 i - a wand of charming (20)
 w - a wand of flame (38)
 F - a wand of mindburst (9)
Scrolls
 e - 2 scrolls of vulnerability
 f - 5 scrolls of teleportation
 k - 3 scrolls of fog
 r - 3 scrolls of poison
 v - a scroll of amnesia
 G - a scroll of silence
 H - a scroll of summoning
Potions
 a - a potion of ambrosia {unknown}
 b - a potion of enlightenment {unknown}
 g - 2 potions of haste {unknown}
 j - 5 potions of heal wounds
 n - 3 potions of resistance {unknown}
 o - 5 potions of mutation
 p - 2 potions of cancellation {unknown}
 s - a potion of degeneration {unknown}
 x - a potion of brilliance {unknown}
 z - 4 potions of attraction
 I - a potion of magic {unknown}


   Skills:
 + Level 8.5 Fighting
 * Level 14.8 Axes
 - Level 2.2 Armour
 - Level 2.7 Dodging
 - Level 0.3 Stealth


You had 10 spell levels left.
You didn't know any spells.
Your spell library was empty.

Dungeon Overview and Level Annotations

Branches:
Dungeon (10/15)            Temple (0/1) D:5            Lair (0/5) D:9
    Orc (0/2) D:10         Bailey (visited)

Altars:
Dithmenos
Gozag
Kikubaaqudgha
Nemelex Xobeh
Okawaru
Qazlal
Sif Muna
Uskayaw
Wu Jian
Yredelemnul

Shops:
D:1 [   D:2 (


Innate Abilities, Weirdness & Mutations

You have sharp fingernails.
You have a pair of horns on your head.
You sometimes emit foul miasma when damaged in melee.
You regenerate a little health from kills.
You have a tail ending in a sharp stinger.


Message History

You hit the ogre. You freeze the ogre. The ogre barely misses you.
The gnoll sergeant hits you from afar with a +0 trident!
* * * LOW HITPOINT WARNING * * *
The gnoll closely misses you.
You slash the ogre! You freeze the ogre.
You kill the ogre!
Trog accepts your kill.
You slash the ogre! You freeze the ogre. You slash the gnoll!
You freeze the gnoll. You slash the gnoll! You freeze the gnoll.
You kill the gnoll!
Trog accepts your kill.
You slash the ogre! You freeze the ogre.
You kill the ogre!
Trog accepts your kill.
The gnoll sergeant hits you from afar with a +0 trident.
* * * LOW HITPOINT WARNING * * *
The gnoll hits you from afar with a +0 halberd.
* * * LOW HITPOINT WARNING * * *
The gnoll hits you from afar with a +0 spear.
* * * LOW HITPOINT WARNING * * *
You slice the troll!! You freeze the troll.
The troll is heavily wounded.
You closely miss the orc warrior. You closely miss the troll.
You tail-slap the troll, but do no damage.
The troll is heavily wounded.
You hit the orc warrior. You freeze the orc warrior. You hit the troll.
You freeze the troll.
The troll is severely wounded.
You hit the orc warrior. You freeze the orc warrior. The troll bites you!
* * * LOW HITPOINT WARNING * * *
The troll closely misses you. The troll claws you.
* * * LOW HITPOINT WARNING * * *
The orc warrior hits you with a +0 long sword!
* * * LOW HITPOINT WARNING * * *
The gnoll sergeant hits you from afar with a +0 trident!
* * * LOW HITPOINT WARNING * * *
The gnoll hits you from afar with a +0 spear.
You die...

#.....##.#####.#
##....##.#.>...#
#......<#.########
#..†#####..#ß...ß#
#...# #.##...$.#
#...# #.##..>..#
#...# #.##gg.$g#
#...# #..#ßoToß#
#...# ##.###@###.#
#...# #...).[...#
##### ###########


You could see a troll, an orc warrior, a gnoll sergeant, 2 gnolls and an orc.

Vanquished Creatures
  2 two-headed ogres
  The ghost of anacleto the Destroyer, a novice DECj of Vehumet (D:7)
  A cyclops (D:9)
  A gargoyle (D:10)
  An unseen horror (D:10)
  A troll (D:8)
  3 hornets
  5 spriggans (Bailey)
  3 wyverns
  A wraith (D:10)
  6 yaks (D:8)
  2 steam dragons
  An acid dragon (D:10)
  3 water moccasins
  3 ice beasts
  A black bear (D:5)
  5 orc warriors
  11 ogres
  4 centaurs
  2 kobold brigands
  7 bullfrogs
  A gnoll sergeant (D:10)
  2 scorpions
  3 wights (D:7)
  A wyvern zombie (D:7)
  A water moccasin zombie (D:7)
  8 killer bees
  A howler monkey (D:4)
  A bombardier beetle (D:6)
  4 orc priests
  A hound (D:3)
  2 jellies
  10 orc wizards
  2 iguanas
  8 gnolls
  9 adders
  A white imp (D:6)
  2 ufetubi (D:6)
  4 dart slugs
  43 orcs
  2 ball pythons
  7 bats
  5 endoplasms (D:1)
  3 giant cockroaches (D:4)
  5 goblins
  5 hobgoblins
  4 jackals (D:2)
  3 quokkas
  6 frilled lizards
  5 kobolds
  4 rats
217 creatures vanquished.

Notes
Turn   | Place    | Note
-------+----------+-------------------------------------------
     0 | D:1      | AlmostDecent the Demonspawn Berserker began the quest for
                  | the Orb.
     0 | D:1      | Reached XP level 1. HP: 18/18 MP: 1/1
   131 | D:1      | Discovered your monstrous ancestry.
   131 | D:1      | Gained mutation: You have sharp fingernails. [demonic
                  | ancestry]
   131 | D:1      | Reached XP level 2. HP: 24/24 MP: 2/2
   135 | D:1      | Found Xyqoeddo's Armour Shop.
   197 | D:1      | Reached skill level 3 in Axes
   347 | D:1      | Gained mutation: You have a small tail. [demonic ancestry]
   347 | D:1      | Reached XP level 3. HP: 20/29 MP: 3/3
   906 | D:2      | Found Fineanec's Weapon Emporium.
   910 | D:2      | Reached ** piety under Trog
  1081 | D:2      | Reached XP level 4. HP: 27/37 MP: 4/4
  1495 | D:3      | Found a shadowy altar of Dithmenos.
  1503 | D:3      | Reached skill level 4 in Axes
  1699 | D:3      | Gained mutation: You may rarely emit foul miasma when
                  | damaged in melee. [demonic ancestry]
  1699 | D:3      | Reached XP level 5. HP: 36/42 MP: 5/5
  2501 | D:4      | Found a stormy altar of Qazlal.
  2524 | D:4      | HP: 2/42 [orc/+3 mace of protection (3)]
  2836 | D:4      | Found an iron altar of Okawaru.
  2958 | D:4      | Gained mutation: You sometimes emit foul miasma when
                  | damaged in melee. [demonic ancestry]
  2958 | D:4      | Reached XP level 6. HP: 44/48 MP: 6/6
  3049 | D:5      | Entered Level 5 of the Dungeon
  3057 | D:5      | Identified the +8 sling of Haxuraz {flame, rElec rPois}
  3072 | D:5      | Noticed an ice beast
  3083 | D:5      | Killed an ice beast
  3084 | D:5      | Reached skill level 5 in Axes
  3446 | D:5      | Reached *** piety under Trog
  3635 | D:5      | Reached skill level 6 in Axes
  3635 | D:5      | Gained mutation: You have a pair of small horns on your
                  | head. [demonic ancestry]
  3635 | D:5      | Reached XP level 7. HP: 21/55 MP: 7/7
  4266 | D:5      | Found a staircase to the Ecumenical Temple.
  4511 | D:6      | Reached skill level 7 in Axes
  4599 | D:6      | Reached skill level 5 in Fighting
  4599 | D:6      | Reached XP level 8. HP: 56/62 MP: 8/8
  4749 | D:6      | Reached skill level 8 in Axes
  4778 | D:6      | Identified the +9 hand axe of Tieror {freeze, *Rage rPois
                  | rN+++ Dex+5}
  5372 | D:7      | Found an ancient bone altar of Kikubaaqudgha.
  5510 | D:7      | Reached skill level 9 in Axes
  5538 | D:7      | Found an ornate altar of the Wu Jian Council.
  5538 | D:7      | Found a hide-covered altar of Uskayaw.
  5539 | D:7      | Found a sparkling altar of Nemelex Xobeh.
  5778 | D:7      | Found a runed translucent gate.
  5778 | D:7      | Found a runed translucent gate.
  5778 | D:7      | Found a runed translucent gate.
  5778 | D:7      | Noticed anacleto's ghost (novice DECj)
  5780 | D:7      | Found a basalt altar of Yredelemnul.
  5806 | D:7      | Killed anacleto's ghost
  5807 | D:7      | Reached skill level 10 in Axes
  5807 | D:7      | Gained mutation: You have a tail ending in a sharp stinger.
                  | [demonic ancestry]
  5807 | D:7      | Reached XP level 9. HP: 69/69 MP: 9/9
  6206 | D:8      | Found an opulent altar of Gozag.
  6295 | D:8      | Reached skill level 11 in Axes
  6397 | D:8      | Noticed a troll
  6406 | D:8      | Killed a troll
  6407 | D:8      | Reached skill level 12 in Axes
  6407 | D:8      | Gained mutation: You have a pair of horns on your head.
                  | [demonic ancestry]
  6407 | D:8      | Reached XP level 10. HP: 31/77 MP: 10/10
  6876 | D:9      | Found a shimmering blue altar of Sif Muna.
  6929 | D:9      | Noticed a cyclops
  6935 | D:9      | Killed a cyclops
  7038 | D:9      | Reached **** piety under Trog
  7094 | D:9      | Found a staircase to the Lair.
  7124 | D:9      | Reached skill level 13 in Axes
  7184 | D:9      | Noticed a two-headed ogre
  7194 | D:9      | Killed a two-headed ogre
  7461 | D:10     | Entered Level 10 of the Dungeon
  7484 | D:10     | Noticed a gargoyle
  7497 | D:10     | Killed a gargoyle
  7664 | D:10     | Reached skill level 14 in Axes
  7664 | D:10     | Gained mutation: You regenerate a little health from kills.
                  | [demonic ancestry]
  7664 | D:10     | Reached XP level 11. HP: 86/86 MP: 11/11
  7670 | D:10     | Found a flagged portal.
  7693 | Bailey   | Entered a bailey
  7801 | Bailey   | Noticed a two-headed ogre
  7815 | Bailey   | Killed a two-headed ogre
  8034 | D:10     | Found a staircase to the Orcish Mines.
  8045 | D:10     | Reached ***** piety under Trog
  8058 | D:10     | HP: 1/130 [gnoll sergeant/+0 trident (13)]
  8058 | D:10     | Slain by a gnoll

Illustrated notes

Levels and vault maps discovered:
D:1:      giann_wishing_wells, layout_loops_ring, serial_shops, shop,
          minmay_tetromino_t4
D:2:      layout_rooms, serial_shops, shop
D:3:      layout_loops_ring, grunt_dithmenos_smoke,
          chequers_serial_rivers_marsh, dk_vineyard_2
D:4:      layout_basic, kennysheep_mini_moat, lemuel_tele_altar
D:5:      layout_cave_pods, minmay_temple_entry_statues_pillars
D:6:      layout_loops_ring, hangedman_glass_teeth
D:7:      layout_basic, nicolae_yredelemnul_ghost_church,
          gammafunk_temple_overflow_forgotten,
          mainiacjoe_overflow_surrounded_room
D:8:      layout_basic, mainiacjoe_overflow_alcove_2
D:9:      layout_roguey, mainiacjoe_overflow_chevrons
D:10:     layout_basic, kennysheep_orc_monster_closet_entryway, enter_bailey_6,
          hellmonk_ghost_big_iron, minmay_misc_feat_alley

Skill      XL: |  1  2  3  4  5  6  7  8  9 10 11 |
---------------+----------------------------------+-----
Axes           | 3 4 6 7 10 12 14 | 14.8
Dodging        | 2 |  2.7
Armour         | 2 |  2.2
Fighting       | 4 5 6 7 8 |  8.5
Stealth        | |  0.3

Action                     |  1- 3 |  4- 6 |  7- 9 | 10-12 || total
---------------------------+-------+-------+-------+-------++-------
  Melee: Hand axe          |   105 |   207 |   146 |   172 ||   630
         Tailslap          |     2 |    23 |    28 |    15 ||    68
         Headbutt          |       |       |    24 |    37 ||    61
 Invoke: Berserk           |     1 |     3 |     3 |       ||     7
         Trog's Hand       |       |       |     3 |     1 ||     4
    Use: Scroll            |       |       |    11 |     2 ||    13
   Stab: Sleeping          |     1 |       |       |       ||     1
 Armour: Animal skin       |    71 |    45 |       |       ||   116
         Chain mail        |       |   145 |   124 |   108 ||   377
  Dodge: Dodged            |    88 |   114 |    42 |    73 ||   317

Table legend: (Time is in decaauts)
 A = Elapsed time spent in this place.
 B = Non-inter-level travel time spent in this place.
 C = Inter-level travel time spent in this place.
 D = Time resting spent in this place.
 E = Time spent auto-exploring this place.
 F = Levels seen in this place.
 G = Mean time per level.
                   A        B        C        D        E       F      G
               +--------+--------+--------+--------+--------+-----+--------+
         Total |   8275 |   7980 |    295 |    330 |   6179 |  11 |  752.3 |
       Dungeon |   8004 |   7709 |    295 |    272 |   6143 |  10 |  800.4 |
        Bailey |    270 |    270 |      0 |     58 |     36 |   1 |  270.0 |
               +--------+--------+--------+--------+--------+-----+--------+

Top non-repeatable levels by time:
     D:5: 1475 daAuts
     D:1: 931 daAuts
     D:3: 882 daAuts
     D:7: 874 daAuts
     D:6: 856 daAuts
     D:4: 814 daAuts
     D:8: 718 daAuts
     D:9: 664 daAuts
     D:2: 472 daAuts
    D:10: 313 daAuts
  Bailey: 270 daAuts
